 Dungeon Crawl Stone Soup version 0.31.0-11-ge490571c62 (webtiles) character file.

Game seed: 10674799535718097069

107 SnakkuSnakku7 the Cudgeller (level 5, -1/40 HPs)
             Began as a Djinni Chaos Knight on Jan 28, 2024.
             Was a Plaything of Xom.
             Slain by Terence
             ... wielding a +0 flail of draining
              (9 damage)
             ... on level 2 of the Dungeon.
             The game lasted 00:03:37 (2281 turns).

SnakkuSnakku7 the Cudgeller (Djinni Chaos Knight)   Turns: 2281, Time: 00:03:39

Health: -1/40      AC:  8    Str: 13    XL:     5   Next: 11%
Gold:   11         EV: 12    Int: 13    God:    Xom [.*....] SH:  0 Dex: 13

rFire   + + .        a - +0 morningstar
rCold   x . .        (no shield)
rNeg    . . .        b - +2 leather armour
rPois   ∞            (no helmet)
rElec   .            (no cloak)
rCorr   .            l - +0 pair of gloves
SInv    .            (boots unavailable)
Will    +....        (no amulet)
Stlth   +            e - ring of willpower
HPRegen 0.26/turn    (no ring)
MPRegen 0.00/turn

%: infuse magic (-2 HP)
@: flying
A: sickness immunity, fire resistance 2, cold vulnerability 1, float, innate
caster, HP casting, extra vitality 1, iridescent scales 1
a: Renounce Religion


You were on level 2 of the Dungeon.
You worshipped Xom.
You were a plaything of Xom.
You visited 1 branch of the dungeon, and saw 3 of its levels.

You collected 131 gold pieces.
You spent 120 gold pieces at shops.

Inventory:

Hand Weapons
 a - a +0 morningstar (weapon)
 f - a +0 mace of chaos
Missiles
 i - 2 throwing nets (quivered)
Armour
 b - a +2 leather armour (worn)
 l - a +0 pair of gloves (worn)
Jewellery
 e - a ring of willpower (left hand)
Wands
 m - a wand of flame (19)
Scrolls
 c - 2 scrolls of fear {unknown}
 d - a scroll of teleportation
 h - a scroll of revelation {unknown}
 j - a scroll of enchant weapon {unknown}
 k - a scroll of immolation {unknown}
Potions
 g - a potion of magic {unknown}
 n - a potion of berserk rage {unknown}


   Skills:
 - Level 3.0 Fighting
 + Level 4.4 Maces & Flails
 - Level 1.0 Armour
 - Level 2.1 Dodging


You knew the following spells:

 Your Spells              Type           Power      Damage    Failure   Level
a - Sting                 Conj/Alch      0%         1d3       36%         1
b - Call Imp              Summ           0%         N/A       52%         2
Your spell library was empty.

Dungeon Overview and Level Annotations

Branches:
Dungeon (3/15)

Altars:
Ashenzari
The Shining One

Shops:
D:1 ?   D:3 *

Annotations:
D:2 Terence


Innate Abilities, Weirdness & Mutations

You are immune to sickness and miasma.
You are immune to poison.
Your flesh is very heat resistant. (rF++)
You are vulnerable to cold. (rC-)
You float through the air rather than walking.
You learn spells naturally, not from books.
Your magical power is your life essence.
You have superior vitality. (+4 MHP)
You are partially covered in iridescent scales. (AC +2)


Message History

The puff of flame misses Terence.
Unknown command.
Aiming: Throw Flame
Press: ? - help, Shift-Dir - straight line, f/p - Terence
Aim: Terence, wielding a +0 flail of draining, wearing a +0 chain mail and carrying a wand of flame (moderately wounded, 77% to hit)
The puff of flame hits Terence but does no damage.
Terence is moderately wounded.
Unknown command.
You hit Terence but do no damage.
Terence is moderately wounded.
Terence shouts, "ATTACK!!!"
Terence hits you but does no damage.
You barely miss Terence.
Terence is moderately wounded.
Terence closely misses you. Terence barely misses you.
You closely miss Terence.
Terence is moderately wounded.
Terence hits you with a +0 flail of draining.
You closely miss Terence.
Terence is moderately wounded.
Terence hits you with a +0 flail of draining!
You hit Terence.
Terence is heavily wounded.
Terence hits you with a +0 flail of draining!
Terence barely misses you.
You closely miss Terence.
Terence is heavily wounded.
Terence hits you with a +0 flail of draining.
You hit Terence but do no damage.
Terence is heavily wounded.
Terence hits you with a +0 flail of draining!
* * * LOW HITPOINT WARNING * * *
You emit a cloud of colourful smoke!
You completely miss Terence.
Terence is heavily wounded.
Terence hits you with a +0 flail of draining.
* * * LOW HITPOINT WARNING * * *
Terence hits you with a +0 flail of draining!
You die...
Terence says, "That felt goooood."

##.....# ###..##..#
######.# #.####...#
.......## ##........#
........#####...÷#.#.##
...........g..##.#...#
..........###.§#.###.#
..........# ##.§☼# #.####
..........# ###@# #....#
..........# #@# ####.#
÷.........# #§# #.#
".........# #§######.#
...[......######§#......#
.................#.######
########'#########.# #.#
#......# #.# #.######
#.####.#


You could see Terence.

Vanquished Creatures
  3 adders
  3 gnolls (D:3)
  A ribbon worm (D:3)
  A dart slug (D:3)
  2 orcs (D:3)
  6 bats
  6 endoplasms
  3 giant cockroaches
  4 goblins
  2 hobgoblins (D:1)
  5 quokkas
  11 ball pythons
  2 frilled lizards
  2 kobolds (D:1)
  2 rats (D:2)
53 creatures vanquished.

Vanquished Creatures (collateral kills)
  A bat (D:2)
1 creature vanquished.

Grand Total: 54 creatures vanquished

Notes
Turn   | Place    | Note
-------+----------+-------------------------------------------
     0 | D:1      | SnakkuSnakku7 the Djinni Chaos Knight began the quest for
                  | the Orb.
     0 | D:1      | Reached XP level 1. HP: 20/20 MP: 0/0
   245 | D:1      | XOM: silly message
   280 | D:1      | Reached XP level 2. HP: 25/25 MP: 0/0
   305 | D:1      | XOM: silly message
   451 | D:1      | XOM: silly message
   460 | D:1      | Found Niteapn's Magic Scroll Emporium.
   463 | D:1      | Bought a scroll of teleportation for 39 gold pieces
   603 | D:1      | Reached skill level 3 in Maces & Flails
   714 | D:1      | XOM: cast spell 'Summon Ice Beast'
   975 | D:1      | XOM: god gift: 7 stones
  1020 | D:1      | Bought a scroll of identify for 26 gold pieces
  1142 | D:2      | XOM: god gift: sedimented amethyst potion {god gift}
  1156 | D:2      | Reached XP level 3. HP: 29/30 MP: 0/0
  1156 | D:2      | Learned a level 1 spell: Sting
  1274 | D:2      | XOM: 4-stop teleportation journey
  1275 | D:2      | Noticed Terence
  1310 | D:3      | Found Sedocs's General Store.
  1310 | D:3      | Found a faded altar of an unknown god.
  1327 | D:3      | XOM: summons 2 hostile demons
  1387 | D:3      | Reached XP level 4. HP: 14/35 MP: 0/0
  1598 | D:3      | Reached skill level 4 in Maces & Flails
  1719 | D:3      | Bought a +0 morningstar for 44 gold pieces
  1719 | D:3      | Bought a potion of degeneration for 11 gold pieces
  1766 | D:3      | XOM: give mutations
  1766 | D:3      | Gained mutation: You are partially covered in iridescent
                  | scales. (AC +2) [Xom's mischief]
  2025 | D:3      | Found a glowing golden altar of the Shining One.
  2025 | D:3      | Found a broken altar of Ashenzari.
  2091 | D:2      | XOM: 1-stop teleportation journey
  2110 | D:3      | XOM: fog
  2186 | D:2      | XOM: noise
  2192 | D:3      | Reached XP level 5. HP: 26/40 MP: 0/0
  2192 | D:3      | Learned a level 2 spell: Call Imp
  2255 | D:3      | XOM: swap monsters
  2280 | D:2      | XOM: smoke on damage
  2281 | D:2      | Slain by Terence

Illustrated notes

Levels and vault maps discovered:
D:1:      ldierk_walled_garden_2, layout_loops_corners, serial_forest,
          infiniplex_forest_end_3, infiniplex_forest_end_1,
          infiniplex_forest_lined_2, infiniplex_forest_end_2, serial_shops, shop
D:2:      layout_basic, minmay_joined_circles, uniq_terence
D:3:      layout_loops_ring, gammafunk_temple_overflow_statue,
          dreamdust_ecumenical_altar_statues, serial_shops, shop

Skill      XL: |  1  2  3  4 |
---------------+-------------+-----
Maces & Flails | 3 4 |  4.4
Fighting       | |  3.0
Armour         | |  1.0
Dodging        | |  2.1

Action                     |  1- 3 |  4- 6 || total
---------------------------+-------+-------++-------
  Melee: Mace              |   114 |    32 ||   146
         Morningstar       |       |    40 ||    40
         Punch             |       |     2 ||     2
  Evoke: Wand              |       |     5 ||     5
    Use: Scroll            |     3 |     1 ||     4
         Potion            |     1 |       ||     1
 Armour: Leather armour    |   113 |    67 ||   180
  Dodge: Dodged            |   121 |    55 ||   176
